 Dungeon Crawl Stone Soup version 0.22-a0-782-g038298e (webtiles) character file.

79 Omega the Shield-Bearer (level 4, 0/28 HPs)
             Began as a Gargoyle Fighter on July 19, 2018.
             Slain by Meatbag's ghost (3 damage)
             ... on level 3 of the Dungeon.
             The game lasted 00:08:27 (1980 turns).

Omega the Shield-Bearer (Gargoyle Fighter)          Turns: 1980, Time: 00:08:28

Health: 0/28       AC: 10    Str: 21    XL:     4   Next: 37%
Magic:  4/4        EV:  7    Int:  8    God:
Gold:   193        SH:  9    Dex:  9    Spells: 3/3 levels left

rFire    . . .     SeeInvis .   a - +0 flail
rCold    . . .     Gourm    .   c - +0 shield
rNeg     + . .     Faith    .   b - +0 scale mail
rPois    ∞         Spirit   .   (no helmet)
rElec    +         Reflect  .   (no cloak)
rCorr    .         Harm     .   (no gloves)
MR       .....                  (no boots)
Stlth    ..........             (no amulet)
HPRegen  0.09/turn              (no ring)
MPRegen  0.09/turn              (no ring)

@: no status effects
A: negative energy resistance 1, electricity resistance, unbreathing,
petrification resistance, rot immunity, AC +3
a: no special abilities


You were on level 3 of the Dungeon.
You were not hungry.

You visited 1 branch of the dungeon, and saw 4 of its levels.

You collected 193 gold pieces.

Inventory:

Hand Weapons
 a - a +0 flail (weapon)
Armour
 b - a +0 scale mail (worn)
 c - a +0 shield (worn)
Jewellery
 i - an uncursed amulet of the gourmand {unknown}
Scrolls
 e - 4 scrolls of identify {unknown}
 j - a scroll of enchant armour {unknown}
 m - a scroll of remove curse {unknown}
 p - a scroll of teleportation {unknown}
Potions
 d - a potion of might
 g - 2 potions of haste {unknown}
 h - 2 potions of brilliance {unknown}
 k - a potion of heal wounds {unknown}
 l - a potion of agility {unknown}
 n - 2 potions of invisibility {unknown}
 o - 2 potions of flight {unknown}
Comestibles
 f - a ration


   Skills:
 + Level 3.5 Fighting
 + Level 2.9 Maces & Flails
 + Level 3.7 Armour
 + Level 0.6 Dodging
 + Level 4.1 Shields


You had 3 spell levels left.
You didn't know any spells.
Your spell library was empty.

Dungeon Overview and Level Annotations

Branches:
Dungeon (4/15)
 Temple: D:4-7

Altars:
Ashenzari
Yredelemnul

Annotations:
D:3 Meatbag's ghost, weakling DrMo


Innate Abilities, Weirdness & Mutations

You are resistant to torment.
Your stone body is resilient. (AC +3)
You are immune to poison.
You resist negative energy. (rN+)
You are resistant to electric shocks. (rElec)
You can survive without breathing.
You are immune to petrification.
You are immune to rotting.


Message History

Meatbag's ghost is heavily damaged.
Meatbag's ghost hits you. You block Meatbag's ghost's attack.
You miss Meatbag's ghost.
Meatbag's ghost is heavily damaged.
Meatbag's ghost hits you!
You hit Meatbag's ghost.
Meatbag's ghost is heavily damaged.
Meatbag's ghost hits you.
You closely miss Meatbag's ghost.
Meatbag's ghost is heavily damaged.
Meatbag's ghost hits you.
* * * LOW HITPOINT WARNING * * *
Meatbag's ghost closely misses you.
You barely miss Meatbag's ghost.
Meatbag's ghost is heavily damaged.
Meatbag's ghost barely misses you.
You miss Meatbag's ghost.
Meatbag's ghost is heavily damaged.
Meatbag's ghost hits you.
You die...

......# ..#### ..#
..# #### ..# ..# #.
.?# ..## ..######.#
#.# ... .
)÷)......# #.##.#
... ÷)÷......#
#....##....
.........#
#..........
..####...#####..@.#
.......#......##W##
........#.#####.$.#
..####.#.#### #♣8♣#
............# ###
..####.####.#
.......# #.#
..###### #.#
..###### #.#


You could see Meatbag's ghost.

Vanquished Creatures
  2 adders (D:2)
  An ooze (D:1)
  A worm (D:3)
  A dart slug (D:1)
  An orc (D:3)
  6 bats
  2 giant cockroaches (D:2)
  8 goblins
  10 hobgoblins
  4 kobolds
  A quokka (D:3)
  3 frilled lizards (D:1)
  5 rats
45 creatures vanquished.

Notes
Turn   | Place    | Note
-------+----------+-------------------------------------------
     0 | D:1      | Omega the Gargoyle Fighter began the quest for the Orb.
     0 | D:1      | Reached XP level 1. HP: 14/14 MP: 1/1
    64 | D:1      | Reached XP level 2. HP: 2/19 MP: 2/2
   753 | D:1      | Reached XP level 3. HP: 23/23 MP: 3/3
  1130 | D:2      | Found a basalt altar of Yredelemnul.
  1236 | D:2      | Reached skill level 4 in Shields
  1353 | D:2      | Reached XP level 4. HP: 22/28 MP: 4/4
  1570 | D:2      | Found a shattered altar of Ashenzari.
  1966 | D:3      | Found a runed door.
  1966 | D:3      | Noticed Meatbag's ghost (weakling DrMo)
  1980 | D:3      | Slain by Meatbag's ghost

Vault maps used:
D:1:      dpeg_arrival_pond
D:2:      lemuel_crystal_altar, nicolae_overflow_hidden_temple,
          minmay_pentomino_w2
D:3:      gammafunk_ghost_grave, minmay_bisected
D:4:      first_ration, uniq_duvessa

Skill      XL: |  1  2  3 |
---------------+----------+-----
Shields        | 4 |  4.1
Fighting       | |  3.5
Maces & Flails | |  2.9
Armour         | |  3.7
Dodging        | |  0.6

Action                   |  1- 3 |  4- 6 || total
-------------------------+-------+-------++-------
Melee: Flail             |   154 |    53 ||   207
  Eat: Chunk             |     1 |     2 ||     3
       Ration            |       |     1 ||     1
Armor: Scale mail        |   116 |    69 ||   185
Dodge: Dodged            |    64 |    42 ||   106
Block: Shield            |   108 |    50 ||   158

Table legend:
 A = Spawn XP
 B = Non-spawn XP
 C = Spawn XP percentage of total XP
 D = Spawn monster count
 E = Non-spawn monster count
 F = Spawn count percentage of total count
 G = Total turns spent on level
                    A         B        C        D         E        F      G
               +---------+---------+-------+---------+---------+-------+---------
         Total |       0 |     113 |   0.0 |       0 |      45 |   0.0 |  1980
               +---------+---------+-------+---------+---------+-------+---------
           D:1 |       0 |      37 |   0.0 |       0 |      20 |   0.0 |  1077
           D:2 |       0 |      55 |   0.0 |       0 |      16 |   0.0 |   548
           D:3 |       0 |      21 |   0.0 |       0 |       9 |   0.0 |   353
               +---------+---------+-------+---------+---------+-------+---------
